Map: King Sejong Station LE

Players

AqueroN

  • Race: Terran Terran
  • League: Master

llllllllllll - Winner!

  • Race: Zerg Zerg
  • League: Master

VOD

Have the link to the VOD?

Description

Time

  • Played on: Oct. 28, 2016, 4:06 p.m.
  • Length: 10:09
Show
View Real Time Build Order
Export as new Build Order

AqueroN Terran 

Build Orders: Reaper Expand, MMM Bio 

Get SALT Encoding   

  12  0:00  SCV  
  13  0:13  SCV  
  14  0:17  Supply Depot  
  14  0:25  SCV  
  15  0:38  SCV  
  15  0:40  Barracks  
  16  0:46  Refinery  
  16  0:50  SCV  
  17  1:03  SCV  
  18  1:15  SCV  
  19  1:28  Orbital Command  
  19  1:30  Reaper  
  20  1:40  Command Center, Unknown  
  20  1:51  Barracks  
  20  1:54  SCV  
  21  2:02  Barracks Reactor  
  21  2:03  Supply Depot  
  22  2:08  SCV  
  22  2:13  Refinery  
  22  2:20  SCV  
  23  2:27  Factory  
  23  2:32  SCV  
  24  2:41  Barracks Tech Lab, Marine x2  
  26  2:44  SCV  
  27  2:52  Unknown  
  27  2:56  Orbital Command  
  27  2:57  SCV  
  28  2:59  Marine x2  
  28  3:02  Marine  
  28  3:04  Stimpack  
  31  3:09  SCV  
  32  3:19  Supply Depot, Marine x2  
  33  3:21  SCV  
  34  3:27  Marine  
  34  3:29  Starport  
  34  3:31  Factory Reactor  
  36  3:34  SCV  
  36  3:37  SCV  
  37  3:42  Marine x2  
  37  3:45  Marine  
  40  3:51  Supply Depot  
  40  3:53  Supply Depot  
  40  3:54  SCV  
  40  3:55  SCV  
  42  4:01  Marine x2  
  44  4:03  Marine  
  44  4:06  SCV  
  44  4:07  SCV  
  47  4:10  Widow Mine  
  47  4:11  Widow Mine  
  47  4:14  Medivac  
  53  4:19  SCV x2  
  55  4:25  Bunker  
  55  4:29  Marine x2  
  55  4:31  Supply Depot  
  57  4:32  SCV, Marine  
  57  4:37  SCV  
  60  4:44  SCV  
  61  4:47  Marine x2  
  61  4:49  Marine  
  61  4:50  SCV  
  61  4:52  Medivac x2  
  69  4:56  SCV, Refinery  
  69  4:59  Barracks  
  70  5:02  SCV  
  70  5:05  Marine x2  
  73  5:07  Marine  
  73  5:09  SCV, Combat Shields  
  73  5:11  Factory Tech Lab  
  75  5:14  SCV  
  75  5:21  SCV  
  77  5:25  Marine  
  78  5:36  Marine x2  
  78  5:37  SCV x2  
  78  5:39  Engineering Bay  
  78  5:40  Command Center, Unknown  
  82  5:42  Marine  
  82  5:49  SCV x2  
  85  5:54  Marine x3  
  85  5:56  Siege Tank  
  85  6:00  Marine  
  85  6:01  SCV  
  85  6:02  Liberator  
  85  6:03  Liberator  
  86  6:07  SCV  
  73  6:12  Marine  
  73  6:13  SCV  
  74  6:19  SCV  
  74  6:25  SCV  
  77  6:26  Marine x2  
  77  6:28  Barracks Reactor  
  77  6:30  Marine  
  77  6:31  SCV  
  80  6:37  SCV  
  81  6:43  SCV  
  81  6:44  Marine x2  
  84  6:48  Marine  
  84  6:49  SCV  
  84  6:51  Unknown  
  84  6:53  Orbital Command  
  86  6:54  Refinery  
  86  6:55  SCV  
  86  6:57  Barracks x2  
  87  7:01  SCV  
  87  7:02  Marine x2  
  87  7:05  Marine  
  87  7:07  SCV  
  92  7:09  Viking, Marine x2  
  92  7:11  Terran Infantry Weapons Level 1  
  92  7:13  SCV  
  97  7:18  Siege Tank  
  97  7:19  SCV, Supply Depot  
  101  7:36  Marine x5  
  109  7:37  SCV x3  
  109  7:43  Medivac x2  
  113  7:45  Barracks Reactor x2  
  113  7:49  SCV x3  
  116  7:54  Marine  
  116  7:57  Supply Depot  
  116  7:58  Supply Depot x2  
  117  7:59  Barracks  
  117  8:00  Supply Depot  
  117  8:01  Barracks, Orbital Command  
  117  8:19  SCV x2, Marine x5, Siege Tank  
  127  8:28  Medivac x2  
  127  8:31  SCV x2  
  130  8:36  Marine x3  
  130  8:38  SCV  
  135  8:42  Marine  
  135  8:43  SCV x2  
  135  8:45  Marine x4  
  135  8:47  Barracks Tech Lab  
  135  8:48  Barracks Tech Lab  
  142  8:49  Marauder  
  142  8:50  SCV  
  142  8:51  Siege Tank  
  144  8:58  Marine  
  144  8:59  Marine x2, Refinery x2  
  144  9:00  Command Center, Unknown  
  147  9:07  Bunker  
  147  9:08  Supply Depot  
  147  9:10  Marauder, Supply Depot x2  
  147  9:18  Marine  
  147  9:19  Marine  
  149  9:25  Engineering Bay  
  149  9:29  Marine x3  
  149  9:30  Marauder  
  157  9:31  Marine x3  
  157  9:32  Marauder  
  157  9:33  Marine  
  157  9:36  Marine x2  
  132  9:47  Marine x3  
  132  9:49  Marine  
Show
View Real Time Build Order
Export as new Build Order

llllllllllll Zerg - Winner!

Build Orders: Hatch First 

Get SALT Encoding   

  12  0:01  Drone  
  13  0:16  Overlord  
  13  0:19  Drone  
  14  0:34  Drone x2  
  16  0:39  Drone  
  17  0:52  Drone  
  18  0:59  Unknown, Hatchery  
  18  1:03  Drone  
  18  1:06  Extractor  
  17  1:17  Spawning Pool  
  16  1:19  Drone  
  16  1:22  Drone  
  19  1:32  Drone  
  19  1:42  Overlord  
  19  1:53  Drone  
  20  2:04  Queen, Zergling x2  
  23  2:10  Metabolic Boost  
  23  2:11  Queen, Unknown  
  23  2:12  Zergling x2  
  26  2:17  Zergling x2  
  26  2:22  Drone  
  28  2:26  Drone  
  29  2:40  Queen, Drone  
  29  2:42  Overlord  
  32  2:46  Drone  
  32  2:47  Drone, Pneumatized Carapace  
  34  3:00  Overlord  
  34  3:03  Drone  
  35  3:07  Drone  
  35  3:10  Zergling x2  
  37  3:13  Zergling x2  
  37  3:14  Drone  
  37  3:15  Drone  
  37  3:19  Drone x4  
  44  3:26  Drone  
  45  3:36  Drone x2  
  47  3:46  Queen  
  47  3:47  Drone x2  
  51  3:51  Queen, Unknown, Hatchery  
  52  4:00  Overlord  
  52  4:03  Overlord  
  52  4:06  Evolution Chamber  
  52  4:07  Drone  
  52  4:08  Evolution Chamber  
  51  4:12  Overlord  
  51  4:21  Zergling x12  
  57  4:24  Queen  
  57  4:29  Queen  
  61  4:34  Baneling Nest  
  60  4:39  Zerg Ground Armor Level 1  
  60  4:46  Zerg Melee Weapons Level 1  
  60  4:47  Zergling x8  
  60  4:51  Zergling x4  
  66  4:58  Zergling x10  
  71  5:03  Unknown  
  71  5:09  Drone x5  
  71  5:13  Drone  
  77  5:16  Drone  
  77  5:19  Overlord  
  78  5:28  Baneling x3  
  78  5:30  Queen  
  78  5:31  Overlord  
  78  5:32  Overlord x2  
  78  5:34  Extractor  
  78  5:35  Extractor  
  78  5:36  Zergling x4  
  78  5:37  Baneling  
  80  5:45  Zergling x6  
  80  5:46  Zergling x4  
  80  5:49  Spore Crawler  
  81  5:54  Zergling x4  
  78  6:09  Drone  
  78  6:10  Drone x8  
  77  6:19  Drone x4  
  81  6:28  Drone x3  
  81  6:29  Drone  
  85  6:39  Overlord  
  85  6:41  Lair  
  85  6:44  Drone x5  
  90  6:54  Drone  
  90  6:55  Drone x4  
  90  6:56  Baneling x5  
  90  7:00  Spore Crawler  
  94  7:01  Extractor  
  94  7:03  Drone x3  
  94  7:07  Drone x2  
  98  7:10  Drone  
  99  7:16  Zergling x6  
  99  7:17  Zergling x2  
  99  7:21  Unknown, Hatchery  
  102  7:29  Zergling x8  
  106  7:31  Overlord  
  106  7:37  Overlord  
  106  7:41  Spore Crawler x2  
  106  7:43  Centrifical Hooks  
  104  7:46  Baneling x3  
  104  7:49  Drone  
  104  7:50  Drone  
  104  7:51  Drone  
  107  7:52  Zerg Ground Armor Level 2  
  107  7:54  Overseer  
  107  7:55  Unknown, Hatchery  
  106  8:01  Zergling x8  
  106  8:02  Zergling x10  
  106  8:04  Overlord  
  115  8:16  Drone  
  115  8:19  Drone x7  
  122  8:29  Drone x5  
  122  8:32  Unknown  
  128  8:34  Zergling x6  
  130  8:44  Infestation Pit, Drone x2  
  131  8:52  Overlord x2  
  131  8:55  Zergling x2  
  131  8:56  Zergling x8  
  131  8:58  Spore Crawler  
  131  8:59  Baneling x7  
  131  9:00  Baneling x2, Overlord  
  135  9:07  Unknown  
  135  9:08  Zergling x14  
  142  9:14  Zergling x8  
  142  9:15  Queen x2  
  142  9:16  Overlord  
  150  9:19  Overlord  
  149  9:25  Baneling x21  
  149  9:27  Zergling x10  
  154  9:40  Zergling x26  
  160  9:47  Zergling x8  
  160  9:49  Baneling x3  
Tags
 
Add a new tag
Caveats
  • Supply blocks, unpowered buildings, or Contaminate may cause inaccurate times.
  • Supply counts are checked every 10 seconds.